 Dungeon Crawl Stone Soup version 0.14-a0-1570-g671a4b6 (webtiles) character file.

293 PolkaDot the Vexing (level 4, 0/30 HPs)
             Began as a Vampire Enchanter on Dec 20, 2013.
             Slain by a gnoll
             ... wielding a +0,+0 flail
              (6 damage)
             ... on Level 3 of the Dungeon.
             The game lasted 00:07:47 (2442 turns).

PolkaDot the Vexing (Vampire Enchanter)             Turns: 2442, Time: 00:07:47

HP   0/30        AC  5     Str  7      XL: 4   Next: 78%
MP   2/7         EV 10     Int 17      God:
Gold 171         SH  0     Dex 15      Spells:  2 memorised,  3 levels left

rFire  + . .     SeeInvis +     a - +1 dagger
rCold  . . .     Clarity  .     f - +1 leather armour {rF+}
rNeg   . . .     Conserve .     (no shield)
rPois  +         rCorr    .     (no helmet)
rElec  .         rRot     .     (no cloak)
SustAb . .       Spirit   .     (no gloves)
rMut   .         Warding  .     j - +0 pair of boots
Saprov . . .     Stasis   .     (no amulet)
                                (no ring)
                                p - ring of poison resistance {unknown}

@: regenerating quickly, slightly resistant to hostile enchantments, quite
stealthy
A: fangs 3, see invisible, unbreathing
a: no special abilities


You were on level 3 of the Dungeon.
You were full.

You visited 1 branch of the dungeon, and saw 3 of its levels.

You collected 171 gold pieces.

Inventory:

Hand weapons
 a - a +1,+1 dagger (weapon)
Missiles
 d - 12 darts (quivered)
Armour
 f - a +1 leather armour of fire resistance (worn)
 j - a +0 pair of boots (worn)
 l - a +0 troll leather armour
Magical devices
 n - a wand of fireball (3)
 r - a wand of cold (9)
Scrolls
 b - 2 scrolls of remove curse {unknown}
 g - a scroll of identify {unknown}
 h - a scroll of fog {unknown}
 i - a scroll of immolation {unknown}
 o - a scroll of teleportation {unknown}
 q - a scroll of recharging {unknown}
Jewellery
 p - a ring of poison resistance (left hand) {unknown}
Potions
 e - 2 potions of curing {unknown}
 k - a potion of might {unknown}
 m - a potion of heal wounds
 s - a potion of restore abilities {unknown}
 t - a potion of lignification {unknown}
Books
 c - a book of Maledictions

   Spells                             Type                      Level
   *Corona                            Hexes                        1
   Sure Blade                         Hexes/Charms                 2
   Ensorcelled Hibernation            Hexes/Ice                    2
   *Confuse                           Hexes                        3
   Enslavement                        Hexes                        4
   Invisibility                       Hexes                        6


   Skills:
 - Level 2.5 Short Blades
 - Level 0.7 Throwing
 + Level 1.2 Armour
 - Level 2.1 Dodging
 + Level 4.7 Stealth
 - Level 2.0 Spellcasting
 * Level 5.9 Hexes


You had 3 spell levels left.
You knew the following spells:

 Your Spells              Type           Power        Failure   Level  Hunger
a - Corona                Hex            ###....      1%          1    #......
c - Confuse               Hex            ###.....     8%          3    ####...


Dungeon Overview and Level Annotations

Branches:
Dungeon (3/16)

Altars:


Innate Abilities, Weirdness & Mutations

Your natural rate of healing is unusually fast.
You have razor-sharp teeth.*
You have supernaturally acute eyesight.
You can survive without breathing.*


Message History

Casting: Confuse
Confirm with . or Enter, or press ? or * to list all spells.
You don't have enough magic to cast that spell.
You hit the gnoll.
The gnoll is heavily wounded.
The gnoll hits you with a whip.
You completely miss the gnoll.
The gnoll is heavily wounded.
The gnoll hits you with a whip.
You hit the gnoll but do no damage.
The gnoll is heavily wounded.
The gnoll hits you with a whip!
* * * LOW HITPOINT WARNING * * *
Things that are here:
a club; a gnoll corpse A gnoll comes into view.
It is wielding a flail.
You closely miss the gnoll. You bite the gnoll.
The gnoll is moderately wounded.
The gnoll hits you with a flail.
You die...

### ###### ###
#.#####.##.###.#
#.....)...<....#
#g#########.##.#
#.@g.........#.#
###############.#
#...(.....).....#
#.###############
#.# #.....#
##.####.....######
#........[..'....#
######......####.#
#......# #.#


You could see 2 gnolls.

Vanquished Creatures
  2 gnolls (D:3)
  4 adders (D:2)
  A worm (D:2)
  2 giant geckos (D:1)
  An ooze (D:1)
  4 giant cockroaches
  4 hobgoblins
  11 kobolds
  2 quokkas
  A ball python (D:2)
  9 bats
  A giant newt (D:1)
  8 goblins
  5 jackals (D:2)
  9 rats
64 creatures vanquished.

Notes
Turn   | Place    | Note
--------------------------------------------------------------
     0 | D:1      | PolkaDot, the Vampire Enchanter, began the quest for the Orb.
     0 | D:1      | Reached XP level 1. HP: 13/13 MP: 3/3
   389 | D:1      | Reached XP level 2. HP: 11/19 MP: 2/4
   777 | D:2      | Reached XP level 3. HP: 18/24 MP: 4/6
   914 | D:2      | Learned a level 3 spell: Confuse
  1025 | D:2      | Reached skill level 5 in Hexes
  1292 | D:2      | Reached XP level 4. HP: 28/30 MP: 7/7
  1714 | D:2      | Reached skill level 1 in Armour
  2442 | D:3      | Slain by a gnoll

Action                   |  1- 3 |  4- 6 || total
-------------------------+-------+-------++-------
Melee: Dagger            |   140 |   138 ||   278
 Cast: Corona            |     9 |     2 ||    11
       Confuse           |       |     3 ||     3
Evoke: Wand              |       |     2 ||     2
  Use: Potion            |     1 |     1 ||     2
 Stab: Sleeping          |     7 |     1 ||     8
